Map: Disco Bloodbath LE

Players

pHARM

  • Race: Zerg Zerg
  • League: Platinum
  • Spawn Location: 3:00

Pupu - Winner!

  • Race: Terran Terran
  • League: Platinum
  • Spawn Location: 9:00

VOD

Have the link to the VOD?

Description

Time

  • Played on: Sept. 14, 2019, 12:40 a.m.
  • Length: 13:48
Show
View Real Time Build Order
Export as new Build Order

pHARM Zerg 

Build Orders: Hatch First 

Get SALT Encoding   

  12  0:01  Drone  
  13  0:12  Overlord  
  13  0:18  Drone  
  14  0:31  Drone x2  
  16  0:52  Hatchery  
  15  0:59  Drone  
  15  1:00  Drone x2  
  18  1:18  Spawning Pool, Drone  
  18  1:26  Drone  
  19  1:34  Drone  
  20  1:42  Extractor  
  20  1:44  Drone  
  20  1:59  Overlord  
  20  2:06  Queen x2  
  20  2:07  Zergling x4  
  26  2:19  Drone x2  
  28  2:28  Drone x2  
  30  2:47  Drone  
  30  2:48  Drone x3  
  34  2:58  Pneumatized Carapace  
  34  2:59  Overlord x2  
  34  3:14  Overlord x2  
  34  3:19  Metabolic Boost  
  34  3:22  Drone  
  34  3:23  Drone  
  34  3:24  Queen  
  38  3:39  Drone  
  38  3:40  Drone x5  
  44  3:47  Baneling Nest  
  43  3:56  Drone x4  
  47  4:10  Evolution Chamber  
  46  4:17  Extractor  
  46  4:19  Extractor  
  46  4:23  Evolution Chamber  
  43  4:36  Zerg Melee Weapons Level 1  
  43  4:42  Drone x9  
  52  5:09  Lair  
  52  5:10  Overlord x2  
  52  5:13  Hatchery  
  51  5:17  Zerg Ground Armor Level 1  
  51  5:19  Zergling x2  
  52  5:32  Zergling x16  
  60  5:39  Baneling x6  
  60  5:42  Zergling x2  
  61  5:43  Zergling x6  
  64  5:58  Zergling x8  
  64  6:04  Baneling x5  
  68  6:41  Spine Crawler  
  68  6:42  Spore Crawler  
  68  6:44  Extractor  
  68  6:46  Hydralisk Den  
  64  6:55  Overlord x3  
  64  6:58  Zergling x16  
  64  6:59  Zergling x4  
  64  7:00  Overlord x3  
  74  7:03  Baneling x2  
  74  7:04  Baneling x12  
  74  7:08  Zerg Melee Weapons Level 2  
  74  7:10  Overlord x2  
  74  7:31  Centrifical Hooks  
  72  8:05  Zergling x8  
  73  8:06  Zergling x22  
  67  8:29  Drone x6  
  73  8:51  Muscular Augments  
  51  9:15  Zerg Ground Armor Level 2  
  51  9:23  Zergling x24  
  51  9:24  Infestation Pit  
  62  9:27  Zerg Missile Weapons Level 1  
  63  9:38  Drone x3  
  63  9:39  Drone x4  
  63  9:44  Hatchery  
  68  10:03  Grooved Spines, Drone  
  68  10:04  Drone  
  68  10:05  Drone x6  
  76  10:09  Extractor x2  
  74  10:26  Zergling x22, Hive  
  74  10:27  Zergling x2  
  83  10:47  Baneling x16  
  83  10:48  Hydralisk x6, Baneling x3  
  89  11:10  Hydralisk x3  
  69  11:33  Zergling x24  
  77  11:48  Adrenal Glands  
  77  11:53  Ultralisk Cavern, Baneling  
  74  11:59  Baneling  
  74  12:00  Baneling x3  
  63  12:01  Zergling x14  
  55  12:24  Zergling x20  
  60  12:30  Hydralisk  
  60  12:31  Hydralisk  
  60  12:43  Ultralisk  
  51  12:55  Zergling x12  
  52  13:07  Hydralisk x2  
  56  13:19  Hatchery, Baneling x11  
  55  13:20  Baneling  
  55  13:23  Zergling x14  
Show
View Real Time Build Order
Export as new Build Order

Pupu Terran - Winner!

Build Orders: Gas First Reaper Expand 

Get SALT Encoding   

  12  0:01  SCV  
  13  0:13  SCV  
  14  0:17  Supply Depot  
  14  0:25  SCV  
  15  0:30  Refinery  
  15  0:39  SCV  
  16  0:45  Barracks  
  16  0:51  SCV  
  17  1:03  SCV  
  18  1:15  SCV  
  19  1:32  Orbital Command  
  19  1:34  Reaper  
  20  1:44  Command Center  
  20  1:55  Supply Depot  
  20  2:00  SCV  
  21  2:07  Factory  
  21  2:08  Marine  
  22  2:15  SCV  
  22  2:18  Refinery  
  23  2:27  Barracks Reactor  
  23  2:32  SCV  
  24  2:54  SCV  
  24  2:56  Orbital Command  
  24  3:00  Factory Tech Lab  
  24  3:04  Starport  
  24  3:05  Marine x2  
  26  3:09  SCV  
  27  3:21  Siege Tank  
  27  3:22  Marine, SCV  
  27  3:23  Marine, SCV  
  27  3:24  Supply Depot  
  34  3:34  SCV  
  35  3:36  SCV  
  36  3:43  Medivac  
  36  3:46  Barracks, Marine x2, SCV  
  41  3:55  Supply Depot  
  41  3:56  Supply Depot  
  41  4:00  SCV  
  41  4:01  SCV  
  43  4:04  Marine x2  
  43  4:08  Siege Tank  
  48  4:27  SCV  
  48  4:28  Marine x2, SCV, Supply Depot  
  48  4:30  Medivac  
  54  4:40  SCV x2  
  54  4:41  Engineering Bay  
  54  4:42  Engineering Bay  
  56  4:47  Barracks Tech Lab  
  56  4:50  Marine  
  56  4:52  SCV x2  
  59  4:56  Refinery  
  59  5:01  Siege Tank  
  59  5:03  Starport Reactor  
  59  5:04  Marine, SCV x2  
  65  5:13  Stimpack  
  65  5:15  Marine  
  66  5:24  Marine  
  66  5:25  Marine  
  68  5:33  Marine  
  68  5:34  Missile Turret  
  69  5:38  Missile Turret  
  69  5:42  Marine  
  69  5:43  Marine  
  69  5:47  Supply Depot  
  69  5:49  Siege Tank  
  74  5:51  Marine  
  75  6:00  Marine  
  75  6:01  Command Center  
  76  6:04  Missile Turret  
  76  6:05  Barracks  
  76  6:06  Terran Infantry Weapons Level 1  
  76  6:07  Terran Infantry Armor Level 1, Supply Depot  
  76  6:09  Marine  
  77  6:17  Marine  
  77  6:18  Marine  
  78  6:25  SCV, Supply Depot  
  78  6:26  SCV  
  78  6:27  Marine  
  78  6:31  Siege Tank  
  83  6:35  Marine  
  83  6:36  Marine  
  85  6:45  Supply Depot  
  85  6:52  Armory  
  85  6:55  Combat Shield  
  85  7:07  Marine x3, Marauder  
  90  7:12  SCV x2  
  92  7:24  SCV x2, Missile Turret  
  92  7:27  Marine  
  92  7:28  Marine  
  92  7:29  Marauder  
  99  7:30  Barracks Reactor  
  99  7:32  Barracks  
  99  7:36  SCV  
  98  7:37  Orbital Command  
  98  7:45  Marine  
  98  7:46  Marine  
  98  7:50  Marauder  
  97  8:03  Marine x2  
  97  8:04  Siege Tank, Medivac  
  97  8:05  Medivac  
  106  8:11  Marauder  
  81  8:21  Marine x2  
  81  8:26  Marine x2  
  81  8:30  Barracks Tech Lab  
  81  8:33  SCV x2, Marauder  
  85  8:35  SCV  
  85  8:39  Marine x2  
  85  8:40  Terran Vehicle And Ship Armor Level 1  
  88  8:41  Terran Infantry Weapons Level 2  
  88  8:44  Marine  
  88  8:45  SCV x2  
  88  8:48  SCV, Refinery  
  92  8:54  Marauder  
  94  8:57  SCV x2  
  94  9:01  Siege Tank  
  88  9:04  Refinery  
  88  9:05  Refinery  
  88  9:06  Marine x3  
  91  9:14  Command Center  
  91  9:16  Marauder, Sensor Tower  
  93  9:23  Sensor Tower  
  93  9:24  Marine x2  
  93  9:25  Marine x2  
  93  9:28  Concussive Shells  
  97  9:32  SCV  
  97  9:33  SCV x2  
  97  9:37  Marauder  
  102  9:42  Marine x2  
  102  9:44  SCV  
  102  9:45  SCV x2  
  107  9:50  Marine x2, Supply Depot  
  109  9:55  Marauder  
  109  9:57  SCV  
  109  9:58  Marauder  
  114  10:06  Marine x2  
  116  10:08  Marine  
  116  10:13  SCV x2  
  116  10:14  SCV, Supply Depot  
  120  10:15  Marine  
  120  10:16  Marauder  
  120  10:20  Marauder  
  125  10:25  SCV x2  
  125  10:37  Supply Depot  
  125  10:38  Marauder  
  127  10:56  Marine x4  
  127  10:57  Marauder  
  133  10:58  Siege Tank, SCV  
  133  10:59  Marine, SCV x2  
  133  11:02  Planetary Fortress  
  140  11:14  Marine x2  
  140  11:15  Medivac x2  
  140  11:16  Marine x2  
  140  11:17  Marauder  
  140  11:18  Marauder  
  152  11:20  Missile Turret  
  149  11:30  Siege Tank  
  149  11:31  Missile Turret  
  149  11:32  Marine x2  
  124  11:33  Marine  
  124  11:37  Marine, SCV  
  124  11:38  Marauder  
  124  11:39  Marauder  
  131  11:44  Supply Depot  
  131  11:46  Supply Depot  
  126  11:49  Marine, Medivac x2  
  126  11:50  Marine  
  126  11:51  Marine  
  126  11:55  Marine  
  126  12:00  Marauder  
  126  12:01  Marauder  
  127  12:02  Siege Tank  
  127  12:07  Marine x2  
  132  12:09  Marine  
  132  12:13  Marine  
  130  12:21  Marauder  
  130  12:22  Marine  
  126  12:25  Marine x2  
  126  12:27  Marine  
  125  12:31  Marine  
  129  12:37  Siege Tank  
  129  12:40  Marauder  
  129  12:42  Marine  
  129  12:43  Marine x2  
  133  12:45  Marine, Refinery x2  
  133  12:48  Marine  
  129  13:00  Marauder  
  129  13:01  Marine x2, Marauder  
  129  13:02  Marine  
  136  13:06  Marine  
  136  13:09  Siege Tank  
  136  13:11  Barracks  
  136  13:12  Barracks  
  140  13:13  Barracks  
  140  13:18  Marine  
  140  13:19  Marine  
  142  13:22  Marauder  
  142  13:23  Marauder  
Tags
 
Add a new tag
Caveats
  • Supply blocks, unpowered buildings, or Contaminate may cause inaccurate times.
  • Supply counts are checked every 10 seconds.